Map: Sueño eterno EE

Players

MrFercho - Winner!

  • Race: Zerg Zerg
  • League: Gold
  • Spawn Location: 7:00

Zealot

  • Race: Protoss Protoss
  • League: Platinum
  • Spawn Location: 1:00

VOD

Have the link to the VOD?

Description

Time

  • Played on: Aug. 18, 2020, 10:07 p.m.
  • Length: 17:47
Show
View Real Time Build Order
Export as new Build Order

MrFercho Zerg - Winner!

Build Orders: Hatch First, Lurkers 

Get SALT Encoding   

  12  0:00  Drone  
  13  0:13  Overlord  
  13  0:17  Drone  
  14  0:31  Drone  
  14  0:32  Drone  
  16  0:51  Hatchery  
  16  0:53  Drone  
  16  0:58  Drone  
  16  1:01  Drone  
  18  1:12  Extractor  
  18  1:18  Spawning Pool  
  16  1:19  Drone  
  17  1:27  Drone  
  17  1:29  Drone  
  19  1:45  Drone  
  20  1:50  Overlord  
  20  2:02  Drone  
  20  2:04  Queen  
  20  2:05  Queen  
  20  2:07  Zergling x2  
  26  2:12  Drone  
  27  2:16  Drone  
  28  2:27  Drone x2  
  30  2:34  Overlord  
  30  2:43  Drone  
  31  2:48  Metabolic Boost  
  31  2:55  Queen  
  31  2:57  Drone x3  
  36  3:12  Drone x3  
  39  3:24  Lair  
  39  3:37  Drone  
  39  3:38  Drone x4  
  44  3:47  Roach Warren  
  43  3:51  Evolution Chamber  
  43  3:53  Queen  
  44  3:58  Overlord x3  
  44  4:03  Extractor  
  44  4:04  Drone  
  44  4:05  Extractor  
  44  4:06  Drone  
  44  4:29  Glial Reconstitution  
  44  4:35  Overlord  
  44  4:36  Overlord  
  44  4:41  Zerg Missile Weapons Level 1  
  44  4:43  Drone x3  
  44  4:44  Drone x3  
  44  4:45  Drone  
  51  5:05  Roach x5  
  61  5:22  Roach x3  
  61  5:23  Roach  
  61  5:27  Hatchery  
  68  5:29  Drone  
  68  5:32  Evolution Chamber  
  68  5:37  Overlord x2  
  68  5:38  Overlord  
  68  6:03  Zerg Ground Armor Level 1  
  68  6:09  Drone  
  68  6:10  Drone x10  
  79  6:20  Hatchery  
  79  6:23  Drone  
  79  6:24  Hatchery, Hydralisk Den, Drone x2  
  79  6:47  Drone  
  79  6:48  Drone x5  
  79  6:49  Drone x4  
  79  6:50  Queen  
  79  6:52  Overlord  
  91  6:58  Extractor, Grooved Spines  
  90  7:03  Lurker Den  
  90  7:05  Overseer  
  90  7:08  Overseer  
  89  7:17  Zergling x22  
  100  7:27  Extractor  
  100  7:28  Extractor  
  98  7:30  Zerg Missile Weapons Level 2  
  98  7:35  Queen  
  100  7:37  Pneumatized Carapace  
  100  7:40  Drone x3  
  103  7:46  Infestation Pit  
  103  7:49  Spire  
  101  8:10  Muscular Augments  
  101  8:27  Drone x3  
  104  8:35  Extractor  
  104  8:36  Hatchery  
  104  8:37  Hive  
  104  8:39  Extractor  
  101  8:46  Hydralisk x5  
  101  8:47  Hydralisk x7  
  125  8:49  Overlord x6  
  125  9:31  Drone x19  
  132  9:33  Drone  
  132  9:34  Drone x4  
  132  9:35  Drone x2  
  151  9:38  Hydralisk  
  151  9:39  Hydralisk x10  
  173  9:55  Lurker x7  
  180  10:07  Greater Spire  
  180  10:42  Overlord x4  
  180  10:43  Overlord  
  180  10:45  Overseer  
  180  10:46  Overseer  
  180  10:48  Spore Crawler  
  179  10:53  Spine Crawler  
  179  10:56  Spine Crawler  
  177  10:58  Overlord x2  
  177  10:59  Queen  
  179  11:09  Spore Crawler  
  178  11:14  Spore Crawler  
  178  11:16  Spine Crawler  
  178  11:17  Spine Crawler  
  175  11:21  Seismic Spines, Ultralisk Cavern  
  175  11:22  Hydralisk x13  
  200  11:44  Overlord  
  200  11:50  Lair  
  200  12:18  Adaptive Talons  
  158  12:36  Hydralisk  
  158  12:37  Hydralisk x25  
  130  12:38  Hydralisk x12  
  179  12:50  Overlord x3  
  176  12:51  Hydralisk  
  176  12:52  Hydralisk x5  
  176  12:54  Zergling x2  
  176  12:55  Zergling x20  
  190  13:06  Lurker  
  190  13:07  Lurker x2  
  190  13:08  Zergling x14  
  174  13:29  Drone x3  
  177  13:46  Overseer  
  177  13:54  Drone  
  178  14:01  Chitinous Plating, Zerg Flyer Weapons Level 1  
  178  14:06  Zergling x18  
  178  14:07  Zergling x26  
  200  14:33  Hatchery  
  103  15:06  Zerg Missile Weapons Level 3  
  97  15:08  Zerg Ground Armor Level 2  
  97  15:12  Overseer  
  97  15:14  Hydralisk x17  
  97  15:15  Hydralisk x19  
  97  15:18  Hydralisk  
  97  15:20  Zergling x18, Anabolic Synthesis  
  97  15:21  Zergling x2  
  181  15:24  Spore Crawler  
  181  15:28  Spine Crawler  
  179  15:29  Spine Crawler  
  179  15:33  Spine Crawler  
  179  15:35  Spore Crawler  
  176  15:41  Spine Crawler  
  175  15:43  Spine Crawler  
  175  15:47  Spine Crawler  
  173  16:00  Spore Crawler  
  173  16:01  Spine Crawler  
  173  16:02  Spine Crawler  
  157  16:09  Zergling x2  
  157  16:10  Zergling x24  
  155  16:21  Hydralisk  
  155  16:22  Hydralisk x3  
  163  16:26  Lurker  
  163  16:27  Lurker  
  163  16:28  Lurker  
  154  17:22  Zergling x2  
  154  17:23  Zergling x46  
  154  17:24  Zergling x20  
Show
View Real Time Build Order
Export as new Build Order

Zealot Protoss 

Build Orders: Cannon Rush, Nexus First 

Get SALT Encoding   

  12  0:01  Probe  
  13  0:15  Pylon  
  13  0:19  Probe (Chrono Boost)  
  15  0:28  Probe (Chrono Boost)  
  15  0:33  Probe (Chrono Boost)  
  16  0:45  Probe  
  17  1:01  Nexus  
  17  1:11  Forge  
  17  1:17  Pylon  
  17  1:49  Photon Cannon  
  17  1:51  Photon Cannon  
  17  1:52  Photon Cannon  
  17  1:54  Photon Cannon  
  17  2:06  Pylon  
  17  2:13  Probe (Chrono Boost)  
  17  2:14  Probe (Chrono Boost)  
  21  2:23  Probe x2 (Chrono Boost)  
  21  2:28  Probe x2 (Chrono Boost)  
  22  2:34  Gateway  
  23  2:39  Probe  
  23  2:40  Assimilator, Probe  
  25  2:46  Assimilator  
  25  2:56  Probe  
  25  2:57  Probe  
  27  3:02  Pylon  
  27  3:08  Pylon, Probe  
  27  3:09  Probe  
  29  3:14  Assimilator  
  29  3:17  Assimilator  
  29  3:20  Probe  
  29  3:21  Probe, Cybernetics Core  
  29  3:24  Zealot  
  33  3:39  Probe x2  
  35  3:49  Photon Cannon  
  35  3:51  Photon Cannon, Probe x2  
  37  3:58  Warp Gate  
  37  4:00  Stalker  
  39  4:03  Probe x2  
  39  4:06  Twilight Council  
  41  4:14  Photon Cannon  
  41  4:18  Photon Cannon  
  41  4:22  Protoss Ground Weapons Level 1  
  41  4:30  Gateway  
  41  4:35  Gateway  
  41  4:39  Charge (Chrono Boost)  
  41  4:42  Gateway  
  41  5:31  Nexus  
  41  5:36  Pylon  
  41  5:39  Pylon  
  41  5:47  Zealot x2  
  41  5:48  Zealot  
  47  6:04  Probe (Chrono Boost)  
  47  6:05  Probe (Chrono Boost)  
  49  6:14  Assimilator  
  49  6:15  Probe x2 (Chrono Boost)  
  51  6:19  Assimilator  
  51  6:20  Probe x2 (Chrono Boost)  
  53  6:30  Probe  
  53  6:31  Probe  
  53  6:32  Photon Cannon x2  
  55  6:38  Photon Cannon  
  55  6:39  Photon Cannon  
  55  6:40  Photon Cannon  
  55  6:47  Protoss Ground Weapons Level 2 (Chrono Boost)  
  55  6:49  Zealot  
  55  6:50  Zealot x3  
  63  6:57  Probe, Blink (Chrono Boost)  
  63  6:58  Probe x2  
  66  7:17  Pylon  
  66  7:20  Pylon  
  66  7:23  Pylon  
  66  7:25  Zealot x4  
  66  7:27  Dark Shrine  
  74  7:41  Gateway  
  74  7:42  Gateway  
  74  7:45  Gateway  
  74  7:46  Zealot x2  
  74  7:47  Zealot x2  
  74  7:48  Gateway  
  82  8:11  Probe x2  
  82  8:12  Probe  
  85  8:25  Robotics Facility  
  85  8:28  Pylon  
  85  8:32  Forge  
  85  8:33  Shadow Stride (Chrono Boost)  
  85  8:43  Zealot x2  
  85  8:44  Zealot x6  
  101  8:56  Protoss Ground Weapons Level 3 (Chrono Boost)  
  101  9:24  Dark Templar  
  101  9:25  Dark Templar x6  
  101  9:26  Dark Templar  
  117  9:57  Observer  
  118  10:03  Stalker  
  118  10:04  Stalker x6  
  132  10:16  Pylon  
  132  10:18  Pylon  
  132  10:20  Pylon  
  132  10:23  Pylon  
  132  10:48  Resonating Glaives (Chrono Boost)  
  132  10:51  Pylon  
  132  10:55  Pylon  
  132  10:56  Robotics Bay  
  132  10:57  Stalker  
  134  11:15  Protoss Ground Armor Level 1 (Chrono Boost), Protoss Shields Level 1 (Chrono Boost)  
  134  11:29  Stalker x2  
  134  11:30  Stalker x6  
  150  11:41  Gravitic Boosters (Chrono Boost)  
  150  11:53  Stalker x2  
  150  11:54  Stalker x6  
  162  12:26  Observer  
  102  12:41  Zealot  
  102  12:42  Zealot x6  
  102  12:43  Zealot  
  106  13:11  Dark Templar x3  
  106  13:12  Dark Templar x5  
  72  13:45  Protoss Shields Level 2 (Chrono Boost), Protoss Ground Armor Level 2 (Chrono Boost)  
  72  13:58  Pylon  
  72  14:00  Adept, Assimilator  
  72  14:01  Adept x6  
  72  14:02  Adept  
  88  14:22  Zealot x3  
  88  14:23  Zealot x5  
  54  15:09  Adept x4  
  54  15:10  Adept x4  
  70  15:19  Probe x3  
  73  15:32  Adept x5  
  73  15:33  Adept x3  
  41  16:20  Zealot x5  
  41  16:21  Zealot x3  
  41  16:42  Adept x2  
  41  16:43  Adept x6  
  23  17:17  Adept x6  
  23  17:18  Adept x2  
Tags
 
Add a new tag
Caveats
  • Supply blocks, unpowered buildings, or Contaminate may cause inaccurate times.
  • Supply counts are checked every 10 seconds.